 Dungeon Sprint DCSS version 0.27.1-33-g824d729ab1 (webtiles) character file.

Game seed: 8463490867208774317

1513 Adenis the Imperceptible (level 8, -2/62 HPs)
             Began as a Vampire Brigand on Dec 6, 2021.
             Was an Initiate of Dithmenos.
             Shot with an arrow by a centaur warrior (18 damage)
             ... in the Dungeon (Sprint I: "Red Sonja").
             The game lasted 00:03:47 (297 turns).

Adenis the Imperceptible (Vampire Brigand)           Turns: 297, Time: 00:03:48

Health: -2/62      AC:  6    Str: 10    XL:     8   Next: 53%
Magic:  12/12      EV: 13    Int: 13    God:    Dithmenos [......]
Gold:   332        SH:  0    Dex: 18    Spells: 6/12 levels left

rFire    . . .     SeeInvis +   a - +2 dagger
rCold    . . .     Faith    .   (no shield)
rNeg     . . .     Spirit   .   b - +0 robe
rPois    +         Reflect  .   (no helmet)
rElec    .         Harm     .   c - +0 cloak
rCorr    +         Rampage  .   (no gloves)
Will     .....     NoTele   +   o - +2 pair of boots of Duty {+Inv rPois Regen+ rCorr}
Stlth    ++++++++..             (no amulet)
HPRegen  1.40/turn              (no ring)
MPRegen  0.13/turn              (no ring)

@: healing quickly
A: alive, fangs 3, see invisible, vampiric 2
a: Exsanguinate, Renounce Religion, Evoke Invisibility


You were in the Dungeon.
You worshipped Dithmenos.
Dithmenos was noncommittal.
You visited 1 branch You collected 715 gold pieces.
You spent 383 gold pieces at shops.

Inventory:

Hand Weapons
 a - a +2 dagger (weapon)
Missiles
 d - 8 poisoned darts (quivered)
 e - 4 curare-tipped darts
Armour
 b - a +0 robe (worn)
 c - a +0 cloak (worn)
 o - the +2 pair of boots of Duty (worn) {+Inv rPois Regen+ rCorr}
   (You bought it in a shop in the Dungeon)

   rPois:     It protects you from poison.
   +Inv:      It lets you turn invisible.
   Regen:     It increases your rate of health regeneration.
   rCorr:     It protects you from acid and corrosion.
Wands
 l - a wand of flame (20)
Scrolls
 j - a scroll of identify {unknown}
 k - a scroll of blinking
 m - a scroll of fear {unknown}
 p - a scroll of torment {unknown}
Potions
 f - 3 potions of curing
 g - a potion of heal wounds
 h - a potion of haste
 i - 2 potions of magic
 n - a potion of lignification {unknown}


   Skills:
 - Level 5.0 Fighting
 + Level 6.6 Short Blades
 - Level 4.2 Throwing
 - Level 2.7 Dodging
 + Level 22.2 Stealth
 * Level 2.7 Spellcasting
 * Level 4.5 Hexes


You had 6 spell levels left.
You knew the following spells:

 Your Spells              Type           Power      Damage    Failure   Level
a - Invisibility          Hex            6%         N/A       99%         6

Your spell library contained the following spells:

 Spells                   Type           Power      Damage    Failure   Level
 Apportation              Tloc           2%         N/A       24%         1
 Magic Dart               Conj           4%         1d3       24%         1
 Dazzling Flash           Conj/Hex       14%        N/A       28%         3
 Searing Ray              Conj           2%         3d3       34%         2
 Fulminant Prism          Conj/Hex       3%         3d6       67%         4
 Silence                  Hex/Air        3%         N/A       95%         5
 Agony                    Necr           1%         N/A       100%        5
 Alistair's Intoxication  Tmut/Pois      0%         N/A       100%        5


Dungeon Overview and Level Annotations

Branches:
Dungeon (1/1)

Altars:
Cheibriados
Dithmenos
Elyvilon
Fedhas
Gozag
Hepliaklqana
Kikubaaqudgha
Nemelex Xobeh
Okawaru
Qazlal
Ru
Sif Muna
Trog
Uskayaw
Vehumet
Wu Jian
Yredelemnul
Zin
The Shining One

Shops:
D ??[


Innate Abilities, Weirdness & Mutations

Your natural rate of healing is accelerated.
You have razor-sharp teeth.
You have supernaturally acute eyesight. (SInv)
You are afflicted with vampirism and can become a bat while bloodless.


Message History

The boots of Duty throb as they attune themselves to your uninjured body.
There is an open door here.
Okay, then.
Things that are here:
a +0 troll leather armour; a deep troll corpse
There is an open door here.
There is an open door here.
There is an open door here.
There is an open door here.
Things that are here:
a +0 troll leather armour; a deep troll corpse You open the door.
Found three items.
Found a plate armour.
There is an open door here.
You see here a +0 pair of boots.
p - a scroll labelled ETIUSU SOKOTOPH You see here a +0 pair of boots.
You pick up a book of Conjurations and begin reading...
You add the spells Magic Dart, Searing Ray and Fulminant Prism to your library.
You see here a +0 plate armour.
Okay, then.
You see here a +0 pair of boots.
You open the door. 2 centaur warriors come into view.
Found 6 gold pieces.
Found 18 sling bullets.
There is an open door here.
You enter the shallow water.
Moving in this stuff is going to be slow.
The centaur warrior shouts! x2
The centaur warrior wields a +0 shortbow.
The centaur warrior shoots an arrow.
The arrow hits you!
The centaur warrior wields a +0 shortbow.
The centaur warrior shoots an arrow.
The arrow closely misses you.
The centaur warrior shoots an arrow.
The arrow hits you!!
The centaur warrior shoots an arrow.
The arrow hits you!
* * * LOW HITPOINT WARNING * * *
The centaur warrior shoots an arrow.
The arrow hits you!!
You die...

###############
<.#.)'..#.)'..#
..'..#.)'..#..+
..#####'#####'# ###
..####..#...#)####§§#
..#__####..##.#§§§§c#
..#_____##'#_.+≈§§c.+
⌠⌠#_.∩...'..._#§§§§§#
###_..__##_.#'##@####
#_____###'#.#.[.[###
###########.####'###.##
∩........'...'..[..'.∩#
##++++####.).##########
###.### #.#'#.# #.....#
#...).#


You could see a centaur warrior.

Vanquished Creatures
  Sonja (D)
  A deep troll (D)
  Sigmund (D)
  A yak (D)
  An ogre (D)
  A jelly (D)
  Ijyb (D)
7 creatures vanquished.

Vanquished Creatures (others)
  2 ballistomycete spores (D)
2 creatures vanquished.

Grand Total: 9 creatures vanquished

Notes
Turn   | Place    | Note
-------+----------+-------------------------------------------
     0 | D        | Adenis the Vampire Brigand began the quest for the Orb.
     0 | D        | Reached XP level 1. HP: 16/16 MP: 1/1
     2 | D        | Noticed Ijyb
     5 | D        | Killed Ijyb
     6 | D        | Reached skill level 9 in Stealth
     6 | D        | Reached XP level 2. HP: 23/23 MP: 2/2
     9 | D        | Noticed an ogre
    19 | D        | Killed an ogre
    20 | D        | Reached skill level 12 in Stealth
    20 | D        | Gained mutation: You are afflicted with vampirism and can
                  | become a bat while bloodless. [Vampire growth]
    20 | D        | Reached XP level 3. HP: 24/29 MP: 3/3
    20 | D        | Reached XP level 4. HP: 29/35 MP: 4/4
    60 | D        | Noticed Sigmund
    63 | D        | Killed Sigmund
    64 | D        | Reached skill level 16 in Stealth
    64 | D        | Reached XP level 5. HP: 42/42 MP: 5/5
    77 | D        | Found an ornate altar of the Wu Jian Council.
    77 | D        | Found a shimmering blue altar of Sif Muna.
    79 | D        | Found a radiant altar of Vehumet.
    84 | D        | Reached XP level 6. HP: 48/48 MP: 6/6
   108 | D        | Found Qoynut's Magic Scroll Emporium.
   108 | D        | Found an ancient bone altar of Kikubaaqudgha.
   108 | D        | Found a hazy altar of Hepliaklqana.
   108 | D        | Found a stormy altar of Qazlal.
   108 | D        | Found a hide-covered altar of Uskayaw.
   108 | D        | Found a blossoming altar of Fedhas.
   108 | D        | Found a bloodstained altar of Trog.
   108 | D        | Found an iron altar of Okawaru.
   108 | D        | Found a basalt altar of Yredelemnul.
   108 | D        | Found a snail-covered altar of Cheibriados.
   108 | D        | Found a sacrificial altar of Ru.
   108 | D        | Found a shadowy altar of Dithmenos.
   108 | D        | Noticed a yak
   109 | D        | Found an opulent altar of Gozag.
   110 | D        | Killed a yak
   111 | D        | Reached skill level 5 in Short Blades
   111 | D        | Reached skill level 18 in Stealth
   111 | D        | Found a sparkling altar of Nemelex Xobeh.
   118 | D        | Became a worshipper of Dithmenos the Shadowed
   140 | D        | Noticed Sonja
   144 | D        | Killed Sonja
   145 | D        | Reached skill level 5 in Fighting
   145 | D        | Reached skill level 21 in Stealth
   145 | D        | Reached XP level 7. HP: 56/56 MP: 7/7
   145 | D        | Reached XP level 8. HP: 62/62 MP: 8/8
   162 | D        | Found Naiholal's Magic Scroll Boutique.
   225 | D        | Learned a level 6 spell: Invisibility
   233 | D        | Noticed a deep troll
   237 | D        | Killed a deep troll
   238 | D        | Reached skill level 22 in Stealth
   247 | D        | Found Nairus Jaeco's Armour Emporium.
   255 | D        | Bought the +2 pair of boots of Duty {+Inv rPois Regen+
                  | rCorr} for 383 gold pieces
   295 | D        | Noticed a centaur warrior
   295 | D        | Noticed a centaur warrior
   297 | D        | Shot with an arrow by a centaur warrior

Illustrated notes

Levels and vault maps discovered:
D:        dungeon_sprint_1 [red_sonja_temple_1, red_sonja_temple_small_1]

Skill      XL: |  1  2  3  4  5  6  7  8 |
---------------+-------------------------+-----
Fighting       | 2 3 5 |  5.0
Throwing       | 2 3 4 |  4.2
Stealth        | 9 12 16 21 22 | 22.2
Short Blades   | 3 4 6 |  6.6
Dodging        | 2 |  2.7
Spellcasting   | 2 |  2.7
Hexes          | 4 |  4.5

Action                   |  1- 3 |  4- 6 |  7- 9 || total
-------------------------+-------+-------+-------++-------
Melee: Dagger            |     7 |     4 |     1 ||    12
  Use: Potion            |     1 |       |       ||     1
 Stab: Sleeping          |     1 |     4 |     1 ||     6
Dodge: Dodged            |     4 |       |     1 ||     5
